Map: Cosmic Sapphire

Players

A.I. 1 (Easy)

  • Race: Protoss Protoss
  • Spawn Location: 5:00

Xana - Winner!

  • Race: Zerg Zerg
  • League: Bronze
  • Spawn Location: 11:00

VOD

Have the link to the VOD?

Description

Time

  • Played on: Aug. 18, 2022, 1:27 p.m.
  • Length: 10:40
Show
View Real Time Build Order
Export as new Build Order

A.I. 1 (Easy) Protoss 

Build Orders: 1 Gate Expand 

Get SALT Encoding   

  12  0:00  Probe  
  13  0:13  Probe  
  14  0:19  Pylon  
  14  0:25  Probe  
  15  0:33  Probe  
  15  0:40  Gateway  
  16  1:08  Nexus  
  16  1:18  Zealot  
  16  1:22  Pylon  
  16  1:26  Assimilator  
  18  1:36  Cybernetics Core  
  18  1:38  Probe  
  19  1:50  Probe  
  20  1:57  Assimilator  
  20  1:58  Zealot  
  20  2:03  Probe  
  23  2:16  Warp Gate, Pylon, Probe  
  24  2:24  Stalker  
  24  2:27  Probe  
  24  2:28  Probe  
  28  2:59  Assimilator  
  28  3:02  Robotics Facility  
  28  3:11  Probe  
  29  3:14  Probe  
  30  3:22  Probe  
  30  3:23  Probe  
  32  3:31  Stalker  
  32  3:32  Probe  
  34  3:35  Probe  
  36  3:44  Probe  
  36  3:47  Probe  
  38  3:56  Probe  
  38  3:59  Probe  
  40  4:08  Probe x2  
  41  4:10  Stalker  
  41  4:16  Pylon  
  44  4:17  Probe  
  44  4:20  Probe  
  46  4:25  Probe  
  47  4:34  Observer, Probe x2  
  47  4:37  Pylon  
  50  4:46  Probe  
  50  4:47  Probe  
  52  4:56  Observer, Assimilator  
  52  4:58  Probe  
  52  4:59  Probe  
  55  5:01  Pylon  
  55  5:07  Immortal  
  55  5:10  Probe  
  55  5:11  Probe  
  57  5:21  Probe  
  61  5:23  Probe  
  63  5:29  Probe  
  64  5:35  Probe  
  64  5:37  Probe  
  64  5:39  Pylon  
  66  5:48  Immortal  
  70  9:32  Stalker  
  70  9:37  Nexus  
  64  9:40  Observer  
  53  10:02  Zealot  
  53  10:04  Gateway  
  53  10:06  Forge  
  55  10:09  Robotics Bay  
  55  10:11  Stargate, Probe  
  55  10:12  Probe  
  40  10:20  Probe  
  32  10:23  Probe  
  6  10:28  Probe  
Show
View Real Time Build Order
Export as new Build Order

Xana Zerg - Winner!

Build Orders: Hatch First 

Get SALT Encoding   

  12  0:00  Drone  
  13  0:13  Overlord  
  13  0:20  Drone  
  14  0:31  Drone x2  
  16  0:50  Hatchery  
  16  0:52  Drone  
  16  0:58  Drone  
  16  1:01  Drone  
  18  1:12  Extractor  
  18  1:16  Spawning Pool  
  17  1:18  Drone  
  17  1:22  Drone  
  18  1:28  Drone  
  19  1:39  Drone  
  20  1:50  Drone  
  21  2:04  Queen x2  
  21  2:06  Zergling x4  
  27  2:12  Overlord  
  27  2:21  Drone  
  28  2:27  Hatchery  
  27  2:32  Drone x2  
  29  2:43  Metabolic Boost  
  29  2:53  Drone x4  
  29  2:55  Drone  
  29  2:58  Drone  
  35  3:14  Overlord x2  
  34  3:28  Drone  
  34  3:31  Queen x2  
  34  3:32  Drone x4  
  43  3:35  Drone  
  43  3:37  Drone  
  43  3:39  Drone  
  47  3:41  Drone  
  47  3:48  Drone  
  48  3:51  Overlord  
  48  4:06  Drone x8  
  56  4:12  Drone x2  
  58  4:27  Queen x3  
  58  4:30  Overlord x2  
  58  4:31  Overlord  
  64  4:34  Drone  
  65  4:40  Baneling Nest, Drone  
  65  4:41  Extractor, Drone  
  65  4:48  Drone  
  65  4:51  Drone x6  
  72  4:53  Drone  
  73  5:00  Drone  
  73  5:01  Drone  
  73  5:04  Drone  
  76  5:19  Extractor  
  75  5:25  Extractor  
  75  5:26  Extractor, Drone  
  75  5:27  Drone x2  
  75  5:28  Drone x3  
  79  5:29  Zergling x2  
  80  5:45  Lair  
  80  5:48  Overlord x2  
  80  5:49  Overlord x2  
  80  5:50  Zergling x8  
  80  5:51  Zergling x10  
  89  6:08  Drone  
  89  6:09  Evolution Chamber  
  89  6:10  Evolution Chamber  
  88  6:14  Extractor, Drone x2  
  88  6:16  Drone  
  88  6:17  Drone  
  91  6:20  Queen  
  91  6:22  Queen  
  95  6:26  Zergling x6  
  95  6:27  Zergling x18  
  107  6:33  Baneling x7  
  107  6:34  Baneling x7  
  107  6:35  Baneling x6  
  107  6:36  Baneling x3  
  107  6:40  Zerg Melee Weapons Level 1  
  107  6:42  Zerg Ground Armor Level 1  
  107  6:44  Centrifugal Hooks  
  107  6:52  Infestation Pit  
  106  7:24  Hatchery  
  105  7:44  Hive  
  105  7:51  Spire  
  104  8:05  Overlord x6  
  104  8:06  Overlord  
  104  8:10  Overseer x2  
  104  8:29  Queen  
  106  9:05  Zergling x24  
  106  9:06  Zergling x50  
  106  9:07  Zergling x14  
  150  9:24  Drone x6  
  152  9:25  Drone  
  142  10:28  Extractor, Drone x3  
  139  10:30  Extractor  
Tags
 
Add a new tag
Caveats
  • Supply blocks, unpowered buildings, or Contaminate may cause inaccurate times.
  • Supply counts are checked every 10 seconds.